 Dungeon Crawl Stone Soup version 0.17.2-1-ge4368a0 (webtiles) character file.

235 Goblin1989 the Insei (level 6, -3/38 HPs)
             Began as an Octopode Transmuter on Sept 7, 2016.
             Killed from afar by an orc wizard (12 damage)
             ... with a puff of flame
             ... on level 5 of the Dungeon.
             The game lasted 00:18:48 (2926 turns).

Goblin1989 the Insei (Octopode Transmuter)          Turns: 2926, Time: 00:18:48

Health: -3/38      AC:  1    Str:  9    XL:     6   Next: 5%
Magic:  8/9        EV: 13    Int: 15    God:
Gold:   140        SH:  0    Dex: 15    Spells: 3 memorised, 2 levels left

rFire  . . .     SeeInvis .       - Unarmed
rCold  . . .     Clarity  .     (no shield)
rNeg   . . .     SustAt   .     (helmet restricted)
rPois  .         Gourm    +     r - amulet of the gourmand
rElec  .         Spirit   .     (no ring)
rCorr  .         Warding  .     (no ring)
rMut   .         Stasis   .     (no ring)
MR     .....                    (no ring)
Stlth  ++........               (no ring)
                                (no ring)
                                (no ring)
                                (no ring)

@: appendage, not resistant to hostile enchantments, unstealthy
A: almost no armour, amphibious, 8 rings, constrict 8, tentacle spike 3,
camouflage 1, gelatinous body 1
a: End Transformation


You were on level 5 of the Dungeon.
You were very full.
One of your tentacles had a temporary spike.
You visited 1 branch of the dungeon, and saw 5 of its levels.

You collected 140 gold pieces.

Inventory:

Missiles
 a - an arrow (quivered)
 l - 13 poisoned needles
 p - 11 arrows of frost
Jewellery
 r - an amulet of the gourmand (around mantle)
Scrolls
 b - a scroll of blinking {unknown}
 d - a scroll of amnesia {unknown}
 f - a scroll of identify {unknown}
 h - a scroll of teleportation {unknown}
 k - a scroll of enchant weapon {unknown}
 q - a scroll of magic mapping {unknown}
Potions
 e - a potion of agility
Comestibles
 c - 2 bread rations
 g - 2 meat rations
 n - 2 fruits


   Skills:
 - Level 1.0 Fighting
 * Level 3.0 Dodging
 - Level 5.0 Unarmed Combat
 - Level 2.0 Spellcasting
 + Level 3.2 Transmutations
 + Level 2.0 Ice Magic


You had 2 spell levels left.
You knew the following spells:

 Your Spells              Type           Power        Failure   Level  Hunger
a - Beastly Appendage     Trmt           ##....       8%          1    #......
b - Sticks to Snakes      Trmt           ##........   12%         2    ###....
c - Ice Form              Ice/Trmt       #.......     78%         4    #####..


Dungeon Overview and Level Annotations

Branches:
Dungeon (5/15)
 Temple: D:4-7

Altars:
Kikubaaqudgha
Vehumet
Zin

Annotations:
D:3 DEFE's ghost, amateur HOFi
D:4 DEFE's ghost, amateur HOFi


Innate Abilities, Weirdness & Mutations

You cannot wear most types of armour.
You are amphibious.
You can wear up to eight rings at the same time.
You can use your tentacles to constrict eight enemies at once.
Your skin changes colour to match your surroundings (Stealth).
Your rubbery body absorbs attacks (AC +1).
One of your tentacles bears a large vicious spike.


Message History

You barely miss the iguana. Your grab misses the iguana.
You squeeze the iguana!
The iguana is moderately wounded.
You constrict the orc wizard. The orc wizard hits you with a dagger.
You take 4 damage, and have 27/38 hp.
You tentacle-slap the iguana. Your grab misses the iguana.
Your tentacle spike misses the iguana.
You squeeze the iguana, but do no damage.
The iguana is moderately wounded.
You constrict the orc wizard. The iguana bites you! The orc wizard misses you.
You take 13 damage, and have 14/38 hp.
MASSIVE DAMAGE!!
Unknown command.
You release your grip on the orc wizard.
The iguana bites you.
* * * LOW HITPOINT WARNING * * *
You take 5 damage, and have 9/38 hp.
The orc wizard gestures at you while chanting.
The puff of flame hits you!
You die...

.# ## ####.#...
.. .........
.##. ##.........
....%
...........
#...##..........
.#....@..#o...##
#(....l.##.....#
##......ooo#
#.....#####
#..(..# ##.....
#....#. #..... .
##....


You could see an iguana, an orc wizard and an orc.

Vanquished Creatures
  An orc wizard (D:4)
  3 adders
  A worm (D:4)
  4 giant geckos
  4 orcs
  9 bats
  A giant cockroach (D:2)
  6 hobgoblins (D:1)
  A jackal (D:2)
  3 giant newts (D:1)
  8 goblins
  3 kobolds (D:2)
  2 quokkas
  4 rats
50 creatures vanquished.

Vanquished Creatures (collateral kills)
  2 ogres (D:4)
  A worker ant (D:4)
3 creatures vanquished.

Grand Total: 53 creatures vanquished

Notes
Turn   | Place    | Note
--------------------------------------------------------------
     0 | D:1      | Goblin1989 the Octopode Transmuter began the quest for the Orb.
     0 | D:1      | Reached XP level 1. HP: 13/13 MP: 3/3
   115 | D:1      | Reached XP level 2. HP: 12/18 MP: 3/5
   209 | D:1      | Learned a level 2 spell: Sticks to Snakes
   773 | D:1      | Reached skill level 4 in Unarmed Combat
   774 | D:1      | Reached XP level 3. HP: 23/23 MP: 4/6
   968 | D:2      | Found a radiant altar of Vehumet.
  1135 | D:2      | Found a glowing silver altar of Zin.
  1450 | D:2      | Reached XP level 4. HP: 28/28 MP: 5/7
  1456 | D:2      | Learned a level 4 spell: Ice Form
  1668 | D:3      | Found an ancient bone altar of Kikubaaqudgha.
  1689 | D:3      | Noticed DEFE's ghost (amateur HOFi)
  1986 | D:4      | Reached skill level 1 in Ice Magic
  2327 | D:4      | Noticed an ogre
  2394 | D:4      | Reached skill level 5 in Unarmed Combat
  2394 | D:4      | Reached XP level 5. HP: 29/33 MP: 2/8
  2652 | D:4      | Killed an ogre
  2686 | D:4      | Noticed an ogre
  2698 | D:4      | Killed an ogre
  2698 | D:4      | Reached XP level 6. HP: 31/38 MP: 0/9
  2892 | D:4      | Noticed DEFE's ghost (amateur HOFi)
  2916 | D:5      | Entered Level 5 of the Dungeon
  2926 | D:5      | Killed from afar by an orc wizard

Action                   |  1- 3 |  4- 6 || total
-------------------------+-------+-------++-------
Melee: Unarmed           |    90 |    47 ||   137
 Cast: Beastly Appendage |    18 |    10 ||    28
       Sticks to Snakes  |     3 |     8 ||    11
  Use: Potion            |       |     4 ||     4
 Stab: Sleeping          |     3 |     2 ||     5
       Distracted        |     1 |       ||     1
  Eat: Chunk             |     2 |    14 ||    16
       Fruit             |       |     1 ||     1
